 Dungeon Crawl Stone Soup version 0.16-a0-4083-g5af668b (webtiles) character file.

1077 Gronka the Shield-Bearer (level 8, -2/61 HPs)
             Began as a Human Fighter on Feb 22, 2015.
             Was a Believer of Fedhas.
             Slain by Prince Ribbit (9 damage)
             ... on level 6 of the Dungeon.
             The game lasted 00:16:16 (4982 turns).

Gronka the Shield-Bearer (Human Fighter)            Turns: 4982, Time: 00:16:17

Health: -2/61      AC: 11    Str: 18      XL:     8   Next: 54%
Magic:  6/8        EV:  6    Int:  9      God:    Fedhas [**....]
Gold:   142        SH: 10    Dex: 11 (13) Spells: 0 memorised, 7 levels left

rFire  . . .     SeeInvis .     a - +0 long sword
rCold  . . .     Clarity  .     p - +0 chain mail
rNeg   + + .     SustAb   .     c - +0 shield
rPois  .         Gourm    .     (no helmet)
rElec  .         Spirit   .     (no cloak)
rCorr  .         Warding  .     j - +0 pair of gloves
rMut   .         Stasis   .     (no boots)
MR     .....                    (no amulet)
Stlth  ..........               C - ring of positive energy
                                B - ring of positive energy

@: about to teleport, not resistant to hostile enchantments, extremely
unstealthy
A: no striking features
a: Evolution, Sunlight, Renounce Religion


You were on level 6 of the Dungeon.
You worshipped Fedhas.
Fedhas was pleased with you.
You were not hungry.

You visited 1 branch of the dungeon, and saw 6 of its levels.

You collected 142 gold pieces.

Inventory:

Hand weapons
 a - a +0 long sword (weapon)
Armour
 b - a +0 scale mail
 c - a +0 shield (worn)
 j - a +0 pair of gloves (worn)
 p - a +0 chain mail (worn)
Jewellery
 B - a ring of positive energy (left hand)
 C - a ring of positive energy (right hand)
Magical devices
 d - a wand of random effects (47)
 D - a wand of digging (10)
Scrolls
 g - a scroll of fog {unknown}
 i - a scroll of fear {unknown}
 k - a scroll of magic mapping
 m - a scroll of amnesia {unknown}
 n - a scroll of enchant armour {unknown}
 r - a scroll of recharging
 t - 2 scrolls of immolation
 y - a scroll of blinking {unknown}
Potions
 e - a potion of might
 f - 3 potions of brilliance
 h - a potion of degeneration
 l - a potion of poison {unknown}
 o - 5 potions of agility
 v - a potion of lignification {unknown}
 z - a potion of restore abilities {unknown}
 A - 2 potions of curing {unknown}
Books
 x - Suwkud's Handbook of Ashen Orientation
   (You found it on level 5 of the Dungeon)

   Spells                             Type                      Level
   a - Bolt of Magma                  Conjuration/Fire/Earth       5
   b - Lee's Rapid Deconstruction     Earth                        5
   c - Gell's Gravitas                Hexes/Translocation          5
   d - Summon Forest                  Summoning/Translocation      5
Comestibles
 s - 4 bread rations
 u - 2 fruits


   Skills:
 + Level 4.9 Fighting
 + Level 4.9 Long Blades
 + Level 4.9 Armour
 + Level 3.2 Dodging
 + Level 1.5 Stealth
 + Level 5.5 Shields


You had 7 spell levels left.
You didn't know any spells.

Dungeon Overview and Level Annotations

Branches:
Dungeon (6/15)             Temple (0/1) D:4

Altars:
Cheibriados
Dithmenos
Fedhas
Kikubaaqudgha
Qazlal
Zin
The Shining One

Annotations:
D:6 Prince Ribbit


Message History

Select sunlight destination.
Press: ? - help, Dir - move target cursor, f - Prince Ribbit
Aim: Prince Ribbit (moderately wounded)
You feel slightly more hungry.
Prince Ribbit blinks!
You are too injured to fight recklessly!
Prince Ribbit momentarily phases out as your attack passes through him.
Prince Ribbit is moderately wounded.
Prince Ribbit hits you.
* * * LOW HITPOINT WARNING * * *
Drink which item? (? for menu, Esc to quit)
It was a potion of degeneration.
There was something very wrong with that liquid.
You feel clumsy. You block Prince Ribbit's attack. Prince Ribbit hits you.
* * * LOW HITPOINT WARNING * * *
Read which item? (? for menu, Esc to quit)
As you read the scroll of teleportation, it crumbles to dust.
You feel strangely unstable. Prince Ribbit hits you!
You die...
Fedhas appreciates your contribution to the ecosystem.

###.##§§§#....##.##..[
.......#§#.............
......§..<.....#.#...#
..###.#.##.#.##..#.#...#
.................#.#...#
#...................#...#
..###.#.##.####....#....
# #.##... .....#...#
#@##.###..[..#...#
........F...........#..
.[###...##.##.....
#........ #.... . ...
...... . ##..... #......
.##


You could see Prince Ribbit.

Vanquished Creatures
  An ogre (D:5)
  An ice beast (D:5)
  A giant frog (D:5)
  A scorpion (D:5)
  3 hounds
  3 centaur zombies
  A giant frog zombie (D:4)
  An orc priest (D:6)
  Crazy Yiuf (D:5)
  5 worker ants
  2 iguanas (D:4)
  Ijyb (D:2)
  A hound zombie (D:4)
  A hound skeleton (D:4)
  4 gnolls (D:5)
  2 worker ant zombies
  6 adders
  5 worms (D:3)
  An adder zombie (D:4)
  4 adder skeletons
  3 giant geckos
  3 oozes
  9 orcs
  2 ball pythons (D:1)
  13 bats
  2 bat skeletons
  4 hobgoblins
  2 quokkas
  3 giant cockroaches
  A giant gecko zombie (D:4)
  5 giant newts
  11 goblins
  6 jackals
  14 kobolds
  A quokka zombie (D:4)
  10 rats
134 creatures vanquished.

Vanquished Creatures (others)
  58 toadstools
58 creatures vanquished.

Grand Total: 192 creatures vanquished

Notes
Turn   | Place    | Note
--------------------------------------------------------------
     0 | D:1      | Gronka, the Human Fighter, began the quest for the Orb.
     0 | D:1      | Reached XP level 1. HP: 18/18 MP: 1/1
   126 | D:1      | Reached XP level 2. HP: 21/24 MP: 2/2
   371 | D:1      | Reached XP level 3. HP: 20/29 MP: 3/3
  1002 | D:2      | Noticed Ijyb
  1023 | D:2      | Killed Ijyb
  1023 | D:2      | Reached XP level 4. HP: 30/35 MP: 4/4
  1056 | D:2      | Reached skill level 1 in Dodging
  1692 | D:3      | Reached XP level 5. HP: 41/41 MP: 5/5
  2008 | D:3      | Found a blossoming altar of Fedhas.
  2026 | D:3      | Became a worshipper of Fedhas Madash
  2171 | D:4      | Reached skill level 4 in Shields
  2171 | D:4      | Reached XP level 6. HP: 44/48 MP: 6/6
  2216 | D:4      | Found a staircase to the Ecumenical Temple.
  2270 | D:4      | Noticed an air elemental
  2272 | D:4      | Found a stormy altar of Qazlal.
  2273 | D:4      | Noticed a water elemental
  2273 | D:4      | Noticed a fire elemental
  2538 | D:4      | Found an ancient bone altar of Kikubaaqudgha.
  2601 | D:4      | Reached XP level 7. HP: 38/54 MP: 7/7
  2731 | D:4      | Acquired Fedhas' first power
  3649 | D:5      | Entered Level 5 of the Dungeon
  4131 | D:5      | Reached skill level 5 in Shields
  4147 | D:5      | Identified Suwkud's Handbook of Ashen Orientation (You found it on level 5 of the Dungeon)
  4171 | D:5      | Reached XP level 8. HP: 36/61 MP: 8/8
  4251 | D:5      | Found a glowing golden altar of the Shining One.
  4272 | D:5      | Reached skill level 1 in Stealth
  4279 | D:5      | Acquired Fedhas' second power
  4515 | D:5      | Found a glowing silver altar of Zin.
  4751 | D:5      | Noticed Crazy Yiuf
  4756 | D:5      | Killed Crazy Yiuf
  4914 | D:5      | Found a snail-covered altar of Cheibriados.
  4956 | D:6      | Found a shadowy altar of Dithmenos.
  4963 | D:6      | Noticed Prince Ribbit
  4982 | D:6      | Slain by Prince Ribbit

Action                   |  1- 3 |  4- 6 |  7- 9 || total
-------------------------+-------+-------+-------++-------
Melee: Long sword        |   119 |   290 |   311 ||   720
Invok: Sunlight          |       |       |     1 ||     1
  Use: Scroll            |       |       |     7 ||     7
       Potion            |       |       |     1 ||     1
  Eat: Bread ration      |       |     2 |     1 ||     3
       Pizza             |       |     1 |       ||     1
